 Dungeon Crawl Stone Soup version 0.23.2-40-g277498a001 (webtiles) character file.

Game seed: 5907425642547340890

48050 Amplified the Phalangite (level 14, -4/127 HPs)
             Began as a Minotaur Gladiator on Oct 4, 2019.
             Was the Champion of Okawaru.
             Slain by a sun demon (6 damage)
             ... summoned by an orc sorcerer
             ... on level 2 of the Orcish Mines.
             The game lasted 00:26:57 (19531 turns).

Amplified the Phalangite (Minotaur Gladiator)      Turns: 19531, Time: 00:26:57

Health: -4/127     AC: 15    Str: 26    XL:     14   Next: 10%
Magic:  6/6        EV: 18    Int: 17    God:    Okawaru [******]
Gold:   1053       SH:  0    Dex: 14    Spells: 13/13 levels left

rFire    . . .     SeeInvis .   p - +2 bardiche (flame)
rCold    + + .     Gourm    +   (shield currently unavailable)
rNeg     . . .     Faith    .   o - +4 leather armour "Forget-Me-Not" {rC+ MP-9 Str+6 Int+8}
rPois    +         Spirit   .   (helmet unavailable)
rElec    .         Reflect  .   F - scarf {repulsion}
rCorr    +         Harm     .   e - +2 pair of gloves
MR       +....                  L - +2 pair of boots {Stlth+}
Stlth    +++.......             r - amulet of the gourmand
HPRegen  0.31/turn              d - ring of resist corrosion
MPRegen  0.10/turn              g - ring of poison resistance

@: repel missiles
A: retaliatory headbutt, horns 3, thin skeletal structure 1, cold resistance 1
a: Heroism, Finesse, Renounce Religion


You were on level 2 of the Orcish Mines.
You worshipped Okawaru.
Okawaru was exalted by your worship.
You were full.

You visited 3 branches of the dungeon, and saw 20 of its levels.
You also visited: Sewer.

You collected 1875 gold pieces.
You spent 822 gold pieces at shops.

Inventory:

Hand Weapons
 p - a +2 bardiche of flaming (weapon)
 z - a +1 halberd of flaming
 M - a +3 glaive of chopping
Missiles
 l - 13 tomahawks of returning (quivered)
 v - 7 javelins of penetration
Armour
 e - a +2 pair of gloves (worn)
 k - the +0 chain mail of the Tormentor {rF+ rC+ Stlth+}
   (Okawaru gifted it to you on level 3 of the Lair of Beasts)

   It protects you from fire.
   It protects you from cold.
   It makes you more stealthy.
 o - the +4 leather armour "Forget-Me-Not" (worn) {rC+ MP-9 Str+6 Int+8}
   (You bought it in a shop on level 2 of the Orcish Mines)

   It affects your strength (+6).
   It affects your intelligence (+8).
   It protects you from cold.
   It affects your magic capacity (-9).
 D - a +0 plate armour of cold resistance
 F - a scarf of repulsion (worn)
 L - a +2 pair of boots of stealth (worn)
Jewellery
 d - a ring of resist corrosion (left hand)
 g - a ring of poison resistance (right hand)
 r - an amulet of the gourmand (around neck)
 x - an uncursed amulet of magic regeneration
Wands
 b - a wand of flame (7)
 q - a wand of enslavement (1)
 s - a wand of random effects (9)
 y - a wand of digging (10)
 E - a wand of paralysis (12)
 H - a wand of iceblast (8)
Scrolls
 c - 3 scrolls of teleportation
 h - 7 scrolls of amnesia
 i - a scroll of fog
 t - 6 scrolls of remove curse
 A - a scroll of immolation
 B - 6 scrolls of identify
 I - a scroll of magic mapping
Potions
 j - 2 potions of ambrosia
 m - 2 potions of brilliance
 n - a potion of might
 u - a potion of flight
 w - 2 potions of mutation
 C - a potion of haste
 K - a potion of magic
Comestibles
 f - 26 rations


   Skills:
 - Level 12.3 Fighting
 * Level 21.3 Polearms
 - Level 2.0 Throwing
 - Level 9.3 Armour
 - Level 9.3 Dodging
 - Level 3.7 Invocations


You had 13 spell levels left.
You didn't know any spells.
Your spell library contained the following spells:

 Spells                   Type           Power        Failure   Level  Hunger
 Corona                   Hex            #......      26%         1    ##.....
 Sandblast                Erth           #.....       26%         1    ##.....
 Ensorcelled Hibernation  Hex/Ice        #.....       36%         2    ###....
 Passwall                 Tmut/Erth      #.......     36%         2    ###....
 Confuse                  Hex            #.......     61%         3    ####...
 Dazzling Spray           Conj/Hex       #.....       61%         3    ####...
 Static Discharge         Conj/Air       #.......     61%         3    ####...
 Stone Arrow              Conj/Erth      #.....       61%         3    ####...
 Tukima's Dance           Hex            #.......     61%         3    ####...
 Petrify                  Tmut/Erth      #.......     95%         4    #####..
 Lee's Rapid Deconstruct  Erth           #.........   100%        5    ######.
 Lightning Bolt           Conj/Air       #.........   100%        5    ######.
 Ignition                 Fire           #.........   100%        8    #######
 Shatter                  Erth           #.........   100%        9    #######
 Tornado                  Air            #.........   100%        9    #######


Dungeon Overview and Level Annotations

Branches:
Dungeon (12/15)            Temple (0/1) D:7            Lair (6/6) D:10
 Shoals (0/4) Lair:4        Snake (0/4) Lair:3        Slime (0/5) Lair:6
    Orc (2/2) D:10            Elf (0/3) Orc:2

Altars:
Cheibriados
Dithmenos
Elyvilon
Fedhas
Gozag
Makhleb
Okawaru
Qazlal
Ru
Trog
Vehumet
Wu Jian
Yredelemnul
Zin
The Shining One
Beogh
Jiyva

Shops:
D:7 *   D:11 (   Orc:1 :   Orc:2 [

Annotations:
D:6 exclusion: statue
D:11 3 runed translucent doors, Urug; redmage's ghost, journeyman GnEE
Lair:6 exclusion: 6 oklob plants


Innate Abilities, Weirdness & Mutations

You reflexively headbutt those who attack you in melee.
You have a pair of large horns on your head.
You have a somewhat thin skeletal structure. (Dex +2, Stealth)
Your flesh is cold resistant. (rC+)


Message History

* * * LOW HITPOINT WARNING * * *
You are engulfed in flames!
* * * LOW HITPOINT WARNING * * *
The orc sorcerer misses you.
Unknown command.
Okay, then.
Evoke which item? (* to show all) (? for menu, Esc to quit)
Okay, then.
Okay, then.
Okay, then.
Okay, then.
Evoke which item? (* to show all) (? for menu, Esc to quit)
Okay, then.
Attack whom?
Press: ? - help, Dir - move target cursor, f/p - orc sorcerer
Aim: an orc sorcerer, wielding a -3 dagger and wearing a +0 robe (severely wounded)
You hit the orc sorcerer but do no damage.
The orc sorcerer is severely wounded.
The sun demon hits you.
You die...

..#...# #..[).......#
......###...[#.#......
...#.###.....(###.#.#.
..##.##....#.#o######
..######...####.## ###
#...######.#### #
#...##.####.#.### #
###...#...###3.#..## #
#.#[.....# #@o.....# # ###
#.[......####.....###.#.
..###.......###.#...........
...>#[..#.....#.............
..[.[..##.).................
..)[).#.###.......#.#.......
......####........####......
......###..........## ......
........##......<...# .....


You could see a sun demon and an orc sorcerer.

Vanquished Creatures
  2 hydras
  The ghost of Cykl0x the Carver, a journeyman FoFi of Makhleb (D:9)
  A death knight (D:10)
  Erica (Lair:1)
  A two-headed ogre (Orc:1)
  A queen ant (Lair:3)
  Sonja (Orc:2)
  An orc high priest (Orc:2)
  2 skeletal warriors (D:10)
  An unseen horror (D:9)
  Pikel (D:4)
  A phantasmal warrior (D:10)
  2 orc sorcerers
  2 cyclopes
  A merfolk siren (Lair:4)
  7 black mambas
  4 elephants (Lair:6)
  21 spiny frogs
  A torpor snail (Lair:6)
  3 komodo dragons
  A freezing wraith (D:10)
  A merfolk (Lair:4)
  4 tyrant leeches (Lair:6)
  2 trolls
  12 blink frogs (Lair:6)
  7 hippogriffs
  7 dream sheep
  Sigmund (D:2)
  A human (D:7)
  A wraith (D:12)
  31 yaks
  3 hogs (D:7)
  A hungry ghost (D:9)
  6 vampire mosquitoes (Lair:6)
  3 basilisks (Lair:4)
  5 soldier ants (Lair:3)
  3 nagas (Lair:3)
  Edmund (D:6)
  2 wargs
  14 porcupines
  20 orc warriors
  4 water moccasins
  3 ice beasts
  4 sky beasts
  2 black bears
  A slave (D:4)
  7 ogres
  6 centaurs
  5 wolves (Lair:3)
  15 crocodiles
  2 big kobolds (Sewer)
  Blork the orc (D:4)
  2 gnoll sergeants
  23 bullfrogs
  3 scorpions
  5 killer bees (D:7)
  7 wights
  8 electric eels
  2 bullfrog zombies
  6 crimson imps
  3 jellies
  8 hounds
  A centaur skeleton (D:9)
  21 orc priests
  22 orc wizards
  2 bullfrog skeletons
  3 iguanas
  37 worker ants
  A hound zombie (D:8)
  A hound skeleton (D:5)
  A worker ant zombie (D:5)
  8 gnolls
  13 adders
  2 shadow imps
  2 oozes
  3 worms
  A dart slug (D:1)
  7 leopard geckos
  83 orcs
  3 ball pythons
  7 giant cockroaches
  9 goblins
  12 hobgoblins
  4 jackals
  6 quokkas
  8 bats
  7 frilled lizards
  16 kobolds
  A leopard gecko skeleton (D:6)
  15 rats
594 creatures vanquished.

Vanquished Creatures (others)
  Robin (D:4)
  An adder (D:4)
  An orc (D:8)
  5 goblins (D:4)
  A hobgoblin (D:4)
  4 fungi (Lair:6)
  38 plants (Lair:6)
51 creatures vanquished.

Grand Total: 645 creatures vanquished

Notes
Turn   | Place    | Note
-------+----------+-------------------------------------------
     0 | D:1      | Amplified the Minotaur Gladiator began the quest for the
                  | Orb.
     0 | D:1      | Reached XP level 1. HP: 18/18 MP: 0/0
   165 | D:1      | Reached XP level 2. HP: 25/25 MP: 1/1
   174 | D:1      | Reached skill level 4 in Polearms
   490 | D:2      | Noticed Sigmund
   554 | D:2      | Reached skill level 1 in Armour
   641 | D:3      | Reached XP level 3. HP: 25/31 MP: 2/2
   738 | D:3      | Found an iron altar of Okawaru.
   745 | D:3      | Became a worshipper of Warmaster Okawaru
  1047 | D:3      | Reached XP level 4. HP: 38/38 MP: 3/3
  1084 | D:3      | Gained mutation: Your flesh is cold resistant. (rC+)
                  | [potion of mutation]
  1084 | D:3      | Gained mutation: You have a pair of large horns on your
                  | head. [potion of mutation]
  1084 | D:3      | Gained mutation: You have a somewhat thin skeletal
                  | structure. (Dex +2, Stealth) [potion of mutation]
  1086 | D:3      | Reached skill level 11 in Polearms
  1086 | D:3      | Reached XP level 5. HP: 17/56 MP: 4/4
  1673 | D:3      | Found a glowing silver altar of Zin.
  1701 | D:4      | Noticed Pikel
  1701 | D:4      | Noticed a slave
  1701 | D:4      | Noticed a slave
  1701 | D:4      | Noticed a slave
  1701 | D:4      | Noticed a slave
  1701 | D:4      | Noticed Robin
  1893 | D:2      | Found a snail-covered altar of Cheibriados.
  1896 | D:2      | Found an opulent altar of Gozag.
  1899 | D:2      | Found a burning altar of Makhleb.
  2136 | D:2      | Killed Sigmund
  2136 | D:2      | Reached * piety under Okawaru
  2136 | D:2      | Reached skill level 12 in Polearms
  2136 | D:2      | Reached XP level 6. HP: 62/62 MP: 5/5
  2458 | D:4      | Killed a slave
  2468 | D:4      | Killed Pikel
  2468 | D:4      | Reached ** piety under Okawaru
  2468 | D:4      | Reached XP level 7. HP: 62/69 MP: 3/6
  2473 | D:4      | Killed Robin
  2559 | D:4      | Reached skill level 13 in Polearms
  2568 | D:4      | Reached *** piety under Okawaru
  2613 | D:4      | Reached XP level 8. HP: 75/75 MP: 7/7
  2838 | D:4      | Noticed Blork the orc
  2844 | D:4      | Killed Blork the orc
  2970 | D:5      | Entered Level 5 of the Dungeon
  3086 | D:5      | Found a basalt altar of Yredelemnul.
  3275 | D:5      | Found a glowing drain.
  3279 | Sewer    | Entered a sewer
  3428 | Sewer    | Reached skill level 14 in Polearms
  3614 | D:5      | Found a shadowy altar of Dithmenos.
  3637 | D:5      | Reached **** piety under Okawaru
  3746 | D:5      | Reached skill level 1 in Invocations
  3746 | D:5      | Reached XP level 9. HP: 59/82 MP: 8/8
  4163 | D:5      | Found a white marble altar of Elyvilon.
  4351 | D:6      | Found a radiant altar of Vehumet.
  4368 | D:6      | Found a glowing golden altar of the Shining One.
  4439 | D:6      | Received a gift from Okawaru
  4622 | D:6      | Noticed Edmund
  4632 | D:6      | Killed Edmund
  5063 | D:7      | Reached ***** piety under Okawaru
  5064 | D:7      | Reached skill level 5 in Dodging
  5409 | D:7      | Found an ornate altar of the Wu Jian Council.
  5409 | D:7      | Found a faded altar of an unknown god.
  5414 | D:7      | Found a stormy altar of Qazlal.
  5416 | D:7      | Found a faded altar of an unknown god.
  5418 | D:7      | Found a blossoming altar of Fedhas.
  5619 | D:7      | Found Faprikoo's General Store.
  5671 | D:7      | Reached XP level 10. HP: 92/92 MP: 11/11
  5738 | D:7      | Found a staircase to the Ecumenical Temple.
  5993 | D:8      | Received a gift from Okawaru
  6051 | D:8      | Noticed a cyclops
  6059 | D:8      | Killed a cyclops
  6249 | D:8      | Found a glowing golden altar of the Shining One.
  6372 | D:9      | Got an ivory hand axe
  6508 | D:9      | Reached skill level 15 in Polearms
  6517 | D:9      | Killed an unseen horror
  6738 | D:9      | Noticed a moth of wrath
  6741 | D:9      | Found a bloodstained altar of Trog.
  6770 | D:9      | Found a large runed translucent door.
  6771 | D:9      | Found a large runed translucent door.
  6954 | D:9      | Received a gift from Okawaru
  7244 | D:9      | Found a sacrificial altar of Ru.
  8026 | D:9      | Reached skill level 16 in Polearms
  8049 | D:9      | Reached XP level 11. HP: 70/99 MP: 12/12
  8112 | D:9      | Noticed Cykl0x's ghost (journeyman FoFi)
  8123 | D:9      | Killed Cykl0x's ghost
  8170 | D:10     | Entered Level 10 of the Dungeon
  8215 | D:10     | Found a staircase to the Lair.
  8471 | D:10     | Identified the cursed +0 hand axe of the Boar {chop, Str+3}
                  | (You found it on level 9 of the Dungeon)
  8769 | D:10     | Found a roughly hewn altar of Beogh.
  8769 | D:10     | Found a staircase to the Orcish Mines.
  8791 | D:10     | Reached skill level 17 in Polearms
  8859 | D:10     | Noticed a phantasmal warrior
  8860 | D:10     | Noticed a death knight
  8861 | D:10     | Noticed a skeletal warrior
  8862 | D:10     | Noticed a skeletal warrior
  8867 | D:10     | Killed a phantasmal warrior
  8867 | D:10     | Received a gift from Okawaru
  8877 | D:10     | Killed a death knight
  8882 | D:10     | Killed a skeletal warrior
  8882 | D:10     | Received a gift from Okawaru
  9082 | D:11     | Found a runed translucent gate.
  9082 | D:11     | Found a runed translucent gate.
  9082 | D:11     | Found a runed translucent gate.
  9084 | D:11     | Noticed redmage's ghost (journeyman GnEE)
  9107 | D:11     | Found Raboebet's Weapon Emporium.
  9148 | D:11     | Reached skill level 18 in Polearms
  9178 | D:11     | Reached ****** piety under Okawaru
  9287 | D:11     | Noticed a green ugly thing
  9608 | D:11     | Noticed Urug
  9715 | D:11     | Noticed a cyan ugly thing
 10029 | Orc:1    | Entered Level 1 of the Orcish Mines
 10029 | Orc:1    | Noticed a two-headed ogre
 10029 | Orc:1    | Noticed an orc sorcerer
 10047 | D:10     | HP: 4/99 [orc warrior/+0 scimitar (9)]
 10731 | D:10     | Received a gift from Okawaru
 10832 | D:10     | Killed a skeletal warrior
 11124 | Lair:1   | Entered Level 1 of the Lair of Beasts
 11180 | Orc:1    | Killed an orc sorcerer
 11198 | Orc:1    | Noticed a two-headed ogre
 11206 | Orc:1    | Killed a two-headed ogre
 11206 | Orc:1    | Reached XP level 12. HP: 61/106 MP: 13/13
 11267 | Orc:2    | Entered Level 2 of the Orcish Mines
 11281 | Orc:2    | Reached skill level 19 in Polearms
 11379 | Orc:1    | Found Mufom's Book Shop.
 11480 | Orc:1    | Noticed a two-headed ogre
 11598 | Orc:2    | Found a roughly hewn altar of Beogh.
 11629 | Orc:2    | Noticed Sonja
 11640 | Orc:2    | Killed Sonja
 11665 | Orc:2    | Found Fiduocou's Antique Armour Shop.
 11670 | Orc:2    | Bought a brightly glowing leather armour for 154 gold
                  | pieces
 11670 | Orc:2    | Identified the +4 leather armour "Forget-Me-Not" {rC+ MP-9
                  | Str+6 Int+8} (You bought it in a shop on level 2 of the
                  | Orcish Mines)
 11864 | Orc:2    | Found a staircase to the Elven Halls.
 12365 | Lair:1   | Noticed Erica
 12376 | Lair:1   | Killed Erica
 12376 | Lair:1   | Received a gift from Okawaru
 12376 | Lair:1   | Reached skill level 20 in Polearms
 12409 | Lair:1   | Reached skill level 5 in Armour
 12458 | Lair:1   | Reached skill level 10 in Fighting
 12468 | Lair:1   | You fall through a shaft!
 13190 | D:7      | Bought a scroll of enchant armour for 90 gold pieces
 13190 | D:7      | Bought a +2 pair of boots of stealth for 258 gold pieces
 13190 | D:7      | Bought a +3 glaive of chopping for 320 gold pieces
 13321 | Lair:2   | Noticed a death yak
 13322 | Lair:2   | Noticed a death yak
 13323 | Lair:2   | Noticed a death yak
 13324 | Lair:2   | Noticed a death yak
 13326 | Lair:2   | Noticed a death yak
 13327 | Lair:2   | Noticed a death yak
 13841 | Lair:3   | Found a staircase to the Snake Pit.
 14149 | Lair:3   | Noticed a queen ant
 14157 | Lair:3   | Noticed a five-headed hydra
 14169 | Lair:3   | Killed a two-headed hydra
 14178 | Lair:3   | Killed a queen ant
 14184 | Lair:3   | Received a gift from Okawaru
 14185 | Lair:3   | Got a steaming chain mail {god gift}
 14825 | Lair:4   | Identified the +0 chain mail of the Tormentor {rF+ rC+
                  | Stlth+} (Okawaru gifted it to you on level 3 of the Lair of
                  | Beasts)
 14930 | Lair:4   | Found a staircase to the Shoals.
 15014 | Lair:4   | Reached XP level 13. HP: 98/116 MP: 5/14
 15196 | Lair:4   | Found a bloodstained altar of Trog.
 15714 | Lair:6   | Entered Level 6 of the Lair of Beasts
 16276 | Lair:6   | Received a gift from Okawaru
 17070 | Lair:5   | You fall through a shaft!
 17081 | Lair:6   | Received a gift from Okawaru
 17318 | Lair:6   | Found a viscous altar of Jiyva.
 17319 | Lair:6   | Found a staircase to the Slime Pits.
 18280 | Lair:5   | Reached skill level 21 in Polearms
 18280 | Lair:5   | Reached XP level 14. HP: 127/127 MP: 6/15
 19530 | Orc:2    | HP: 2/127 [sun demon[an orc sorcerer] (16)]
 19531 | Orc:2    | Slain by a sun demon

Skill      XL: |  1  2  3  4  5  6  7  8  9 10 11 12 13 |
---------------+----------------------------------------+-----
Polearms       | 4 11 12 13 14 16 18 20 21 | 21.3
Fighting       | 3 8 9 11 12 | 12.3
Armour         | 1 2 4 7 9 |  9.3
Dodging        | 4 5 7 9 |  9.3
Invocations    | 1 3 |  3.7
Throwing       | |  2.0

Action                   |  1- 3 |  4- 6 |  7- 9 | 10-12 | 13-15 || total
-------------------------+-------+-------+-------+-------+-------++-------
Melee: Trident           |   101 |    84 |   363 |    47 |       ||   595
       Headbutt          |    13 |     7 |    62 |   122 |    54 ||   258
       Halberd           |       |       |       |   127 |     4 ||   131
       Glaive            |       |       |       |   539 |   142 ||   681
       Bardiche          |       |       |       |       |   215 ||   215
Throw: Throwing net      |     1 |     3 |       |       |     2 ||     6
       Javelin           |       |       |     3 |       |       ||     3
       Tomahawk          |       |       |       |     2 |       ||     2
Invok: Heroism           |       |     1 |     1 |     6 |     5 ||    13
       Finesse           |       |       |       |     1 |       ||     1
Evoke: Wand              |       |       |       |     9 |     5 ||    14
  Use: Scroll            |     4 |     2 |     6 |    16 |     7 ||    35
       Potion            |     2 |     3 |     2 |    26 |     7 ||    40
 Stab: Held in net/web   |       |     1 |       |       |       ||     1
       Invisible         |       |       |       |     1 |       ||     1
       Sleeping          |       |       |       |     4 |     6 ||    10
       Distracted        |       |       |       |       |     2 ||     2
  Eat: Chunk             |     1 |       |     4 |    13 |    23 ||    41
       Ration            |       |     2 |     1 |     6 |     2 ||    11
Armor: Leather armour    |    11 |       |       |    27 |    50 ||    88
       Scale mail        |    16 |     8 |    50 |    39 |       ||   113
       Plate armour      |       |       |       |    79 |       ||    79
       Skin              |       |       |       |     5 |       ||     5
Dodge: Dodged            |    27 |    19 |    87 |   272 |   190 ||   595
       Deflected         |       |       |       |       |     5 ||     5
